[Event "*** Titled Tuesday Blitz"]
[Site "Chess.com"]
[Date "2021.04.27"]
[Round "8"]
[White "SanchezKelvin"]
[Black "RamyresCoelho"]
[Result "1-0"]
[WhiteElo "220"]
[BlackElo "2158"]
[TimeControl "180+1"]
[EndTime "11:25:52 PDT"]
[Termination "SanchezKelvin won by resignation"]

1. e4 c5 2. Nf3 d6 3. d4 cxd4 4. Nxd4 Nf6 5. Nc3 a6 6. Bg5 e6 7. f4 Qb6 8. Nb3 Be7 9. Qf3 Nc6 10. O-O-O O-O 11. g4 Qc7 12. Bxf6 Bxf6 13. g5 Be7 14. h4 b5 15. Bd3 b4 16. Ne2 a5 17. Kb1 a4 18. Nbd4 Nxd4 19. Nxd4 Ba6 20. f5 Bxd3 21. Qxd3 e5 22. f6 exd4 23. fxe7 Qxe7 24. Qxd4 b3 25.
cxb3 axb3 26. a3 Rfc8 27. Rhe1 Rc6 28. Qd5 Qb7 29. e5 Rac8 30. exd6 g6 31. d7 Rc1+ 32. Rxc1 Rxc1+ 33. Rxc1 Qxd5 34. Rc8+ Kg7 35. d8=Q Qh1+ 36. Rc1 Qe4+ 37. Ka1 Qf4 38. Qf6+ Qxf6 39. gxf6+ Kxf6 40. a4 h6 41. a5 g5 42. hxg5+ hxg5 43. a6 g4 44. a7 1-0

[Event "*** Titled Tuesday Blitz"]
[Site "Chess.com"]
[Date "2021.04.27"]
[Round "8"]
[White "DonBroca"]
[Black "The_filthy"]
[Result "0-1"]
[WhiteElo "2224"]
[BlackElo "2406"]
[TimeControl "180+1"]
[EndTime "11:25:53 PDT"]
[Termination "The_filthy won by resignation"]

1. e4 e6 2. d4 d5 3. exd5 exd5 4. Bd3 Nf6 5. Nf3 Bg4 6. O-O Be7 7. h3 Bh5 8. Bf4 c6 9. Re1 O-O 10. c3 Nbd7 11. Nbd2 Re8 12. Nf1 Qb6 13. g4 Bg6 14.
Rb1 Bxd3 15. Qxd3 Ne4 16. Ng3 Nxg3 17. Bxg3 Bf6 18. b3 h6 19. Nh4 Qa5 20. a4 Re4 21. f3 Ree8 22. Nf5 Qb6 23. b4 a5 24. b5 c5 25. Kg2 cxd4 26. cxd4 Nf8 27. Rxe8 Rxe8 28. Re1 Rxe1 29. Bxe1 Ne6 30. Bf2 Nf4+ 0-1

[Event "*** Titled Tuesday Blitz"]
[Site "Chess.com"]
[Date "2021.04.27"]
[Round "8"]
[White "Roedor"]
[Black "Zipa5"]
[Result "1/2-1/2"]
[WhiteElo "2283"]
[BlackElo "1870"]
[TimeControl "180+1"]
[EndTime "11:25:53 PDT"]
[Termination "Game drawn by repetition"]

1. d4 g6 2. c4 Bg7 3. Nf3 d6 4. g3 Nd7 5. Bg2 e5 6. Nc3 c6 7. O-O Ngf6 8. e4 O-O 9. h3 a5 10. Be3 Qe7 11. Qc2 Ne8 12. Rad1 f5 13. dxe5 dxe5 14.
exf5 gxf5 15. Bg5 Ndf6 16. Rfe1 e4 17. Nd4 Qf7 18. b3 Qg6 19. Be3 Nc7 20. Nde2 Ne6 21. Nf4 Nxf4 22. Bxf4 Nh5 23. Bd6 Re8 24. Ne2 e3 25. f3 Be6 26. g4 fxg4 27. hxg4 Nf6 28. Nf4 Qxc2 29. g5 Qf2+ 30. Kh1 Qh4+ 31. Kg1 Qf2+ 32. Kh1 Qh4+ 33. Kg1 Qf2+ 1/2-1/2

[Event "*** Titled Tuesday Blitz"]
[Site "Chess.com"]
[Date "2021.04.27"]
[Round "8"]
[White "harlem4brew"]
[Black "TengisChess"]
[Result "0-1"]
[WhiteElo "2398"]
[BlackElo "2557"]
[TimeControl "180+1"]
[EndTime "11:25:58 PDT"]
[Termination "TengisChess won by resignation"]

1. d4 Nf6 2. Nf3 g6 3. c4 Bg7 4.
Nc3 O-O 5. Bf4 c5 6. d5 d6 7. h3 Na6 8. a3 Nc7 9. Qd2 a6 10. a4 Rb8 11. a5 b5 12. axb6 Rxb6 13. e4 Bd7 14. Bd3 Qb8 15. Ra2 Qb7 16. O-O Rb8 17. Rb1 Rb3 18. e5 Nfe8 19. Bc2 Rb4 20. b3 Rb6 21. exd6 Nxd6 22. Bxd6 exd6 23. Ne4 Bf5 24. Re1 Bxe4 25. Rxe4 Ne8 26. h4 Nf6 27. Re1 Qd7 28. Rea1 Ng4 29. Re1 Ne5 30. Nxe5 Bxe5 31.
g3 Qd8 32. Kg2 Qf6 33. Re3 Bd4 34. Rf3 Qe5 35. Qd3 Re8 36. Bd1 Qe1 37. Re2 Rxe2 38. Qxe2 Qxe2 39. Bxe2 f5 40. h5 Kg7 41. hxg6 hxg6 42. Bd1 Rb8 43. Rd3 Kf6 44. Rd2 g5 45. Re2 Be5 46. Re1 a5 47. Re2 g4 48. Ra2 Ra8 49. Re2 Ra7 50. f4 gxf3+ 51. Kxf3 Rg7 52. Rg2 Rg4 53. Bc2 a4 54. bxa4 Rxc4 55. Rh2 Rc3+ 0-1

[Event "*** Titled Tuesday Blitz"]
[Site "Chess.com"]
[Date "2021.04.27"]
[Round "8"]
[White "kubal123"]
[Black "RiskyDecision"]
[Result "0-1"]
[WhiteElo "2302"]
[BlackElo "2541"]
[TimeControl "180+1"]
[EndTime "11:25:59 PDT"]
[Termination "RiskyDecision won by resignation"]

1. e4 c5 2. Nf3 e6 3. d4 cxd4 4. Nxd4 Nf6 5. Nc3 Nc6 6. Be3 Bb4 7. Nxc6 bxc6 8. e5 Nd5 9. Bd2 Qc7 10. f4 O-O 11.
Nxd5 Bxd2+ 12. Qxd2 cxd5 13. Bd3 Qb6 14. c3 Rb8 15. O-O-O Ba6 16. Bxa6 Qxa6 17. Kb1 Rb6 18. Qd3 Qa3 19. Rd2 Rfb8 20. Qe2 Qxc3 21. Rc1 Qa5 22. Rdc2 g6 23. h4 Ra6 24. Rc8+ Rxc8 25. Rxc8+ Kg7 26.
a3 Rb6 27. h5 Qxa3 28. Qf2 Qd3+ 29. Rc2 Rc6 30. h6+ Kg8 0-1

[Event "*** Titled Tuesday Blitz"]
[Site "Chess.com"]
[Date "2021.04.27"]
[Round "8"]
[White "RobertoJBM"]
[Black "StockholmMissile"]
[Result "1/2-1/2"]
[WhiteElo "2731"]
[BlackElo "2617"]
[TimeControl "180+1"]
[EndTime "11:26:05 PDT"]
[Termination "Game drawn by repetition"]

1. d4 d5 2. c4 c6 3. Nf3 Nf6 4. Nc3 e6 5. Bg5 Nbd7 6. e3 Be7 7. Bd3 b6 8. O-O Bb7 9. cxd5 cxd5 10. Qe2 O-O 11. Rfc1 a6 12. Rc2 b5 13. Rac1 Nb6 14. Nb1 Rc8 15. Ne5 Nfd7 16. Rxc8 Nxc8 17. Rxc8 Qxc8 18.
Bxe7 Re8 19. Bxh7+ Kxh7 20. Qh5+ Kg8 21. Qxf7+ Kh7 22.
Qg6+ Kh8 23. Qh5+ Kg8 24. Qf7+ Kh7 25. Qg6+ Kg8 26. Qxe6+ Kh7 27. Qg6+ Kh8 28. Qh5+ Kg8 29. Qf7+ Kh7 30. Qf5+ Kg8 31. Qe6+ Kh7 32. Qh3+ Kg8 33.
Qe6+ 1/2-1/2

[Event "*** Titled Tuesday Blitz"]
[Site "Chess.com"]
[Date "2021.04.27"]
[Round "8"]
[White "nrvisakh"]
[Black "kingofthenil"]
[Result "0-1"]
[WhiteElo "2802"]
[BlackElo "2665"]
[TimeControl "180+1"]
[EndTime "11:26:06 PDT"]
[Termination "kingofthenil won on time"]

1. e4 Nc6 2. Nf3 d5 3. exd5 Qxd5 4.
Nc3 Qh5 5. Be2 Bg4 6. h3 O-O-O 7.
O-O Bxh3 8. gxh3 Qxh3 9. Ng5 Qh4 10. Nxf7 Nh6 11. Nxd8 e6 12. Nf7 Nxf7 13. Bf3 Bd6 14. Re1 Ng5 15. Ne4 Nh3+ 16. Kf1 Rf8 17. Re3 Ne5 18.
Qe2 Nf4 19. Qb5 Qh3+ 20. Ke1 Nxf3+ 21. Rxf3 Qxf3 22. Ng3 Ng2+ 0-1

[Event "*** Titled Tuesday Blitz"]
[Site "Chess.com"]
[Date "2021.04.27"]
[Round "8"]
[White "Kozok"]
[Black "LileKoridze"]
[Result "1-0"]
[WhiteElo "2530"]
[BlackElo "2406"]
[TimeControl "180+1"]
[EndTime "11:26:06 PDT"]
[Termination "Kozok won by resignation"]

1. e4 c5 2. Nf3 d6 3. d4 cxd4 4. Nxd4 Nf6 5. Nc3 Nc6 6. Bg5 e6 7. Qd2 a6 8. O-O-O Bd7 9. f4 Qc7 10. Be2 b5 11. Bxb5 axb5 12. Ndxb5 Qb8 13. Nxd6+ Bxd6 14.
Qxd6 Qxd6 15. Rxd6 Ra7 16. Rhd1 h6 17. Bh4 Ng4 18. Rxc6 g5 19. Rb6 gxh4 20. Rb8+ Ke7 21. Rxh8 Nxh2 22. Rxh6 Ng4 23. Rxh4 Ne3 24. Rd3 Nc4 25.
f5 Rb7 26. b3 Ne5 27. Rg3 exf5 28. exf5 Bxf5 29. Re3 Ke6 30. g4 Bg6 31. Rh1 f6 32. g5 Rc7 33. gxf6 1-0

[Event "*** Titled Tuesday Blitz"]
[Site "Chess.com"]
[Date "2021.04.27"]
[Round "8"]
[White "PlotnikovPavel"]
[Black "VladaSviridova"]
[Result "1-0"]
[WhiteElo "2460"]
[BlackElo "2287"]
[TimeControl "180+1"]
[EndTime "11:26:08 PDT"]
[Termination "PlotnikovPavel won by resignation"]

1. e4 e6 2. d3 d5 3. Nd2 Nf6 4.
Ngf3 c5 5. g3 g6 6. Bg2 Bg7 7.
O-O O-O 8. Qe2 Nc6 9. Re1 a5 10. Nf1 a4 11. e5 Nd7 12. Bf4 h6 13. h4 b5 14. Qd2 Kh7 15. N1h2 b4 16. Ng4 h5 17. Nh6 f6 18. exf6 Qxf6 19. Ng5+ Kh8 20. Rxe6 Qxb2 21. Rae1 Bxh6 22. Rxc6 Bxg5 23. Bxg5 Ne5 24.
Bf6+ Rxf6 25. Rxf6 Bf5 26. Rxf5 gxf5 27. Qh6+ Kg8 28. Bxd5+ Nf7 29. Qg6+ Qg7 30. Bxf7+ Kf8 31. Qd6+ Kxf7 32. Re7+ Kg8 33. Qd5+ Kh8 34. Qxa8+ 1-0

[Event "*** Titled Tuesday Blitz"]
[Site "Chess.com"]
[Date "2021.04.27"]
[Round "8"]
[White "ariosp"]
[Black "mary-sanna"]
[Result "0-1"]
[WhiteElo "2193"]
[BlackElo "2133"]
[TimeControl "180+1"]
[EndTime "11:26:08 PDT"]
[Termination "mary-sanna won on time"]

1. e4 c5 2. Nf3 Nc6 3. d4 cxd4 4.
Nxd4 g6 5. Nc3 Bg7 6. Be3 Nf6 7. Bc4 O-O 8. Bb3 d6 9. f3 Bd7 10. Qd2 Nxd4 11. Bxd4 b5 12. O-O-O a5 13. e5 dxe5 14. Bxe5 Bc6 15. Qe2 Qb6 16. Nd5 Nxd5 17. Bxd5 Bxd5 18. Rxd5 b4 19. Bxg7 Kxg7 20. Rhd1 e6 21.
Rd6 Qc5 22. h4 Rac8 23. Kb1 Rc7 24. g4 Rfc8 25. R6d2 h5 26. f4 hxg4 27. Qxg4 Qf5 28. Qxf5 exf5 29. h5 gxh5 30. Rh2 Kg6 31. Rg1+ Kf6 0-1

[Event "*** Titled Tuesday Blitz"]
[Site "Chess.com"]
[Date "2021.04.27"]
[Round "8"]
[White "laboratorio25"]
[Black "AsaHoffmann"]
[Result "1-0"]
[WhiteElo "2545"]
[BlackElo "2373"]
[TimeControl "180+1"]
[EndTime "11:26:09 PDT"]
[Termination "laboratorio25 won by resignation"]

1. e4 d6 2. d4 Nf6 3. Nc3 c6 4. f4 Qa5 5. Bd3 e5 6. Nf3 exd4 7. Nxd4 Qb6 8. Nf3 Bg4 9. h3 Bxf3 10. Qxf3 Nbd7 11. Qe3 Be7 12. Qxb6 axb6 13. Be3 Nc5 14. Kf2 O-O 15. Kf3 b5 16. Bxc5 dxc5 17. e5 Nd7 18.
Rhd1 Rfd8 19. a4 c4 20. Bf5 b4 21. Bxd7 bxc3 22. bxc3 Kf8 23. f5 Bc5 24. Rab1 Rxa4 25. Rxb7 Ra3 26. Rd2 Rxc3+ 27. Kg4 Be7 28. Re2 f6 29.
exf6 Bxf6 30. Bxc6 Ra3 31. Rd7 Rc8 32. Bd5 Ra5 33.
Rf7+ Kg8 34. Rc7+ Rxd5 35. Rxc8+ Kf7 36. Rc7+ Kf8 37. Re6 Rd2 38. Ra6 Ke8 39. Ra8+ Bd8 40. Rxc4 Rxg2+ 41. Kf3 Rd2 42. Rc7 h5 43. Rxg7 Rxc2 44.
Rg8+ Kf7 45. Raxd8 1-0

[Event "*** Titled Tuesday Blitz"]
[Site "Chess.com"]
[Date "2021.04.27"]
[Round "8"]
[White "DeTimmerman"]
[Black "Nuvas"]
[Result "1-0"]
[WhiteElo "2804"]
[BlackElo "2636"]
[TimeControl "180+1"]
[EndTime "11:26:16 PDT"]
[Termination "DeTimmerman won by resignation"]

1. b4 e5 2. Bb2 Bxb4 3. Bxe5 Nf6 4. Nc3 c6 5. a3 Ba5 6. Nf3 d6 7. Bxf6 Qxf6 8. Ne4 Qe7 9. Ng3 O-O 10. e3 Nd7 11. Be2 Nf6 12. O-O d5 13. c4 dxc4 14.
Bxc4 Rd8 15. d4 b5 16. Bd3 c5 17. Bxb5 Bg4 18. Be2 Rab8 19. Qa4 Bc3 20. Rad1 cxd4 21. Nxd4 Bxd4 22. Rxd4 Rxd4 23. Qxd4 Bxe2 24. Nxe2 Qxa3 25. Ra1 Qb2 26. Qxa7 h5 27. h3 Kh7 28. Ng3 h4 29. Nf1 Ne4 30. Ra2 Qe5 31. Qxf7 Rb1 32. Qc4 Qf5 33. f3 Ng3 34. Qxh4+ Nh5 35. Rf2 Qb5 36.
g4 1-0

[Event "*** Titled Tuesday Blitz"]
[Site "Chess.com"]
[Date "2021.04.27"]
[Round "8"]
[White "vanyakuba"]
[Black "GM_LOADING"]
[Result "0-1"]
[WhiteElo "2399"]
[BlackElo "2558"]
[TimeControl "180+1"]
[EndTime "11:26:17 PDT"]
[Termination "GM_LOADING won on time"]

1. e4 e6 2. d4 d5 3. exd5 exd5 4. Nf3 Bd6 5. c4 dxc4 6. Bxc4 Nf6 7. O-O O-O 8. Nc3 Nc6 9. Bg5 h6 10. Bh4 Bg4 11.
h3 Bh5 12. g4 Bg6 13. Nd5 Be7 14. Nxe7+ Qxe7 15. Re1 Qd6 16. Ne5 Bh7 17. Bg3 Qxd4 18. Nxc6 Qxc4 19. Ne7+ Kh8 20. b3 Qc5 21. Rc1 Qa3 22.
Rxc7 Rad8 23. Qa1 Ne4 24. Be5 f6 25. Bf4 Rfe8 26. Nf5 Bxf5 27. gxf5 Qa5 28. Rxb7 Qxf5 29. Qc1 Qxh3 30. Rc7 Qg4+ 31. Kf1 Qf3 32. Be3 Ng5 0-1

[Event "*** Titled Tuesday Blitz"]
[Site "Chess.com"]
[Date "2021.04.27"]
[Round "8"]
[White "gonzaga23"]
[Black "Irishchessman16"]
[Result "0-1"]
[WhiteElo "2457"]
[BlackElo "2308"]
[TimeControl "180+1"]
[EndTime "11:26:20 PDT"]
[Termination "Irishchessman16 won by resignation"]

1. e4 c5 2. Nf3 Nc6 3. d4 cxd4 4. Nxd4 Nf6 5. Nc3 e5 6. Ndb5 d6 7. Nd5 Nxd5 8. exd5 Nb8 9. c4 Be7 10. c5 O-O 11.
cxd6 Bxd6 12. Bc4 a6 13. Nxd6 Qxd6 14. O-O b5 15. Bb3 Bb7 16. Bg5 Nd7 17. Rc1 f6 18. Be3 Kh8 19. Qf3 Rac8 20. h4 Nc5 21. Bxc5 Rxc5 22. h5 Bxd5 23. Bxd5 Rxd5 24. h6 g6 25. Rc3 Rd8 26. g3 Kg8 27. Kg2 Kf7 28. Rfc1 Qe6 29. Rc7+ R8d7 30. R1c6 Rd6 31. Rxd6 Qxd6 32. Qb3+ Ke7 33.
Rc8 f5 34. Rg8 Kf6 35. Qc3 Qd5+ 36. Kh2 Qxg8 0-1

[Event "*** Titled Tuesday Blitz"]
[Site "Chess.com"]
[Date "2021.04.27"]
[Round "8"]
[White "LifeIsAllAboutChess23"]
[Black "Abdimalik_Abdisalimov"]
[Result "0-1"]
[WhiteElo "2190"]
[BlackElo "2324"]
[TimeControl "180+1"]
[EndTime "11:26:26 PDT"]
[Termination "Abdimalik_Abdisalimov won on time"]

1. d4 Nf6 2. Bg5 c5 3. d5 d6 4. Nc3 Nbd7 5. e4 g6 6. f4 Bg7 7.
Nf3 O-O 8. Qd2 a6 9. h3 b5 10. e5 Ne8 11. Qe3 b4 12. Ne2 f6 13.
exf6 Ndxf6 14. O-O-O Bb7 15. Ng3 Nc7 16. Bc4 Kh8 17.
Rhe1 Nfxd5 18. Bxd5 Nxd5 19. Qe6 Nxf4 20. Qxe7 Qxe7 21.
Rxe7 Bxf3 22. gxf3 Nxh3 23. Be3 Rxf3 24. Rxd6 Bf8 25.
Bxc5 Bxe7 26. Bd4+ Kg8 27. Rd7 Bf8 28. Ne4 Re8 29. Nf6+ Rxf6 30. Bxf6 Nf4 31. Kd2 h5 32. Ra7 Re6 0-1

[Event "*** Titled Tuesday Blitz"]
[Site "Chess.com"]
[Date "2021.04.27"]
[Round "8"]
[White "Vladyslav_Puchka"]
[Black "Harald_Schmidt"]
[Result "0-1"]
[WhiteElo "2115"]
[BlackElo "2310"]
[TimeControl "180+1"]
[EndTime "11:26:27 PDT"]
[Termination "Harald_Schmidt won by resignation"]

1. d4 Nf6 2. c4 e6 3. Nf3 b6 4.
Qc2 Bb7 5. Nc3 Bb4 6. Bg5 h6 7. Bh4 O-O 8. e3 Be4 9. Bd3 Bxd3 10. Qxd3 Be7 11. O-O d6 12. Rad1 Nbd7 13. a3 Re8 14. b4 Nf8 15. e4 c6 16. e5 dxe5 17. dxe5 N6d7 18. Bg3 a5 19. Rb1 axb4 20. axb4 Ra3 21. Qc2 Qa8 22. Ne4 Rd8 23. Nd6 Nxe5 24. Bxe5 Bxd6 25. c5 bxc5 26. Bxd6 Rxd6 27. bxc5 Rd5 28. Rfd1 Ng6 29. Rxd5 exd5 30. Nd4 Ra4 31. Rd1 Rc4 32.
Qf5 Rxc5 33. h3 Qa4 34. Nf3 Qxd1+ 0-1

[Event "*** Titled Tuesday Blitz"]
[Site "Chess.com"]
[Date "2021.04.27"]
[Round "8"]
[White "microbear"]
[Black "aljado"]
[Result "1-0"]
[WhiteElo "2179"]
[BlackElo "2034"]
[TimeControl "180+1"]
[EndTime "11:26:27 PDT"]
[Termination "microbear won on time"]

1. e4 c5 2. Nf3 e6 3. d4 cxd4 4. Nxd4 Bc5 5. Nb3 Bb6 6. Nc3 a6 7. a4 Nc6 8. g3 Nge7 9. Bg2 O-O 10. O-O f5 11. Bf4 fxe4 12. Bd6 e3 13. a5 Ba7 14. fxe3 Bxe3+ 15. Kh1 Rxf1+ 16. Qxf1 Nf5 17. Bc5 d5 18. Re1 Bxc5 19. Nxc5 Qd6 20. Nd3 Nxa5 21. g4 Nh4 22. Ne5 Qc7 23. Nxd5 1-0

[Event "*** Titled Tuesday Blitz"]
[Site "Chess.com"]
[Date "2021.04.27"]
[Round "8"]
[White "eltrain1971"]
[Black "annacramling"]
[Result "1-0"]
[WhiteElo "2231"]
[BlackElo "2074"]
[TimeControl "180+1"]
[EndTime "11:26:28 PDT"]
[Termination "eltrain1971 won on time"]

1. c4 c5 2. g3 Nc6 3. Bg2 g6 4. Nf3 Bg7 5. Nc3 d6 6. O-O e5 7. a3 a5 8. d3 Nge7 9. Rb1 Be6 10. Ne1 d5 11. cxd5 Nxd5 12. Nc2 O-O 13. Ne3 Nxc3 14.
bxc3 Rb8 15. c4 f5 16. Bb2 Nd4 17. Ba1 f4 18. Nd5 f3 19. exf3 Bxd5 20. Bxd4 Bxf3 21. Bxf3 Qxd4 22. Bxb7 Rbd8 23. Bd5+ Kh8 24. Qe2 Qc3 25.
a4 Rb8 26. Rb5 Rxb5 27. cxb5 Qa3 28. Qc2 Rd8 29. Be4 Rd4 30. b6 Rxa4 31. b7 Rb4 32. Qxc5 1-0

[Event "*** Titled Tuesday Blitz"]
[Site "Chess.com"]
[Date "2021.04.27"]
[Round "8"]
[White "Alex-11211"]
[Black "chess94cu"]
[Result "0-1"]
[WhiteElo "2452"]
[BlackElo "2582"]
[TimeControl "180+1"]
[EndTime "11:26:29 PDT"]
[Termination "chess94cu won on time"]

1. e4 d5 2. exd5 Nf6 3. Nf3 Nxd5 4. d4 Bf5 5. c4 Nb4 6. Na3 e6 7. Be2 Be7 8. O-O O-O 9. Be3 Nd7 10. Ne5 Nxe5 11.
dxe5 c6 12. Qb3 a5 13. Rfd1 Qc7 14. Bf4 h6 15. Qg3 Kh8 16. h4 Rad8 17. h5 Rxd1+ 18.
Rxd1 Rd8 19. Ra1 Rd7 20. Qe3 Qd8 21. g4 Bh7 22. Kh2 Bg5 23. Kg2 Bxf4 24. Qxf4 Qg5 25. Qxg5 hxg5 26. Rd1 Rxd1 27. Bxd1 Nd3 28. b3 Nxe5 0-1

[Event "*** Titled Tuesday Blitz"]
[Site "Chess.com"]
[Date "2021.04.27"]
[Round "8"]
[White "JoseRemolar"]
[Black "MuhittinBuker"]
[Result "1/2-1/2"]
[WhiteElo "2446"]
[BlackElo "2222"]
[TimeControl "180+1"]
[EndTime "11:26:30 PDT"]
[Termination "Game drawn by repetition"]

1. d4 Nf6 2. c4 e6 3. Nf3 b6 4. g3 Ba6 5. Nbd2 Be7 6. Bg2 c6 7. O-O O-O 8. Qc2 d5 9. b3 Nbd7 10. Bb2 Rc8 11. e4 dxe4 12. Nxe4 c5 13. Rad1 Qc7 14. Rfe1 cxd4 15. Nxd4 Bb7 16. Nb5 Qb8 17.
Nxf6+ Nxf6 18. Be5 Qa8 19. Bxb7 Qxb7 20. Bxf6 gxf6 21. Rd4 f5 22. Red1 Rfd8 23. Nd6 Bxd6 24. Rxd6 Rxd6 25. Rxd6 Qf3 26. Qd3 Qxd3 27. Rxd3 Rc7 28.
f4 Kf8 29. Kf2 Ke7 30. Kf3 f6 31. Re3 Rd7 32. h3 h5 33. g4 hxg4+ 34. hxg4 fxg4+ 35. Kxg4 Rd2 36. a4 Rg2+ 37. Kf3 Rg1 38. Kf2 Rb1 39. Rh3 Kd6 40. Ke2 e5 41. fxe5+ Kxe5 42. Kd2 f5 43. Kc2 Rg1 44. Rh7 a5 45. Rh6 Rg2+ 46. Kc3 Rg3+ 47. Kc2 Rg2+ 48. Kd3 Rg3+ 49. Kc2 Rg2+ 1/2-1/2

[Event "*** Titled Tuesday Blitz"]
[Site "Chess.com"]
[Date "2021.04.27"]
[Round "8"]
[White "alejogarcia1999"]
[Black "maximych26"]
[Result "1-0"]
[WhiteElo "2482"]
[BlackElo "2309"]
[TimeControl "180+1"]
[EndTime "11:26:32 PDT"]
[Termination "alejogarcia1999 won by resignation"]

1. d4 Nf6 2. c4 e6 3. Nc3 d5 4.
Nf3 Nbd7 5. Bf4 Bb4 6. c5 b6 7.
cxb6 axb6 8. e3 c5 9. Bd3 O-O 10. O-O Ba6 11. a3 Bxc3 12. bxc3 Bxd3 13. Qxd3 c4 14.
Qc2 Ne4 15. Rfb1 Ra6 16. Rb4 Qe7 17. a4 Rfa8 18. Ne5 Nxe5 19. Bxe5 h6 20. Rab1 Qd7 21. f3 Nf6 22. Rxb6 Rxb6 23. Rxb6 Ne8 24. Rb4 Nd6 25. Qb2 Kh7 26. Qb1+ g6 27. Rb8 Rxb8 28. Qxb8 Ne8 29. a5 Qa4 30. h4 f6 31. Qb7+ Kg8 32. a6 fxe5 33. a7 Nc7 34. Qxc7 Qd1+ 35. Kh2 1-0

[Event "*** Titled Tuesday Blitz"]
[Site "Chess.com"]
[Date "2021.04.27"]
[Round "8"]
[White "Romadk"]
[Black "CrushingKings"]
[Result "0-1"]
[WhiteElo "2322"]
[BlackElo "2511"]
[TimeControl "180+1"]
[EndTime "11:26:33 PDT"]
[Termination "CrushingKings won by checkmate"]

1. d4 Nf6 2. Nf3 g6 3. c4 Bg7 4.
Nc3 O-O 5. Bg5 d6 6. e3 Nbd7 7. Be2 b6 8. Qc2 Bb7 9. O-O e5 10. Rfe1 h6 11. Bh4 g5 12. Bg3 Nh5 13. Bd3 Bxf3 14.
gxf3 exd4 15. exd4 Bxd4 16. Nd5 Ne5 17. Kh1 c6 18. Ne3 Nxf3 19. Ng4 Nxe1 20. Nxh6+ Kh8 21. Rxe1 Qf6 22. Nf5 Rae8 23. Rg1 Nxg3+ 24. hxg3 Kg8 25. Kg2 Re5 26. g4 Bxb2 27. Rh1 Ba3 28. Nh6+ Kg7 29. Nf5+ Rxf5 30. Bxf5 Re8 31. Rh7+ Kg8 32. Qd1 Bc5 33.
Qf3 Re5 34. Rh5 Re1 35. Qh3 Re2 36. Bh7+ Kg7 37. Bf5 Rxf2+ 38. Kg3 Qe5# 0-1

[Event "*** Titled Tuesday Blitz"]
[Site "Chess.com"]
[Date "2021.04.27"]
[Round "8"]
[White "chessprincesa1"]
[Black "Willhaven3"]
[Result "1-0"]
[WhiteElo "2336"]
[BlackElo "2480"]
[TimeControl "180+1"]
[EndTime "11:26:34 PDT"]
[Termination "chessprincesa1 won by resignation"]

1. d4 Nf6 2. c4 e6 3. Nc3 Bb4 4. a3 Bxc3+ 5. bxc3 b6 6. f3 Ba6 7. e4 c5 8. e5 Ng8 9. Bd3 Nc6 10. Ne2 Na5 11.
f4 Nxc4 12. Qa4 Bb7 13. Qxc4 Bxg2 14. Rg1 Qh4+ 15. Kd2 Qxh2 16. dxc5 Rc8 17. Qd4 Bf3 18. cxb6 axb6 19. Bb2 Ne7 20. Qe3 Bc6 21. a4 Nf5 22. Bxf5 exf5 23. Qg3 Qxg3 24. Rxg3 g6 25. Nd4 Bd5 26.
Ba3 h5 27. Bd6 h4 28. Rh3 Bg2 29. Rh2 h3 30. Rb1 Rh4 31. Ne2 Rc6 32. a5 1-0

[Event "*** Titled Tuesday Blitz"]
[Site "Chess.com"]
[Date "2021.04.27"]
[Round "8"]
[White "SergioGarciaFuentes"]
[Black "GelmanAlexander"]
[Result "0-1"]
[WhiteElo "2351"]
[BlackElo "2578"]
[TimeControl "180+1"]
[EndTime "11:26:35 PDT"]
[Termination "GelmanAlexander won on time"]

1. Nf3 c5 2. g3 Nf6 3. Bg2 e6 4. O-O Be7 5. d4 cxd4 6. Nxd4 d6 7. c4 O-O 8. Nc3 a6 9. b3 Nbd7 10. Bb2 Qc7 11. Rc1 Ne5 12. Qd2 Bd7 13. Rfd1 Rac8 14.
f4 Ng6 15. e4 Qb8 16. h3 h5 17. Bf3 b5 18. cxb5 axb5 19. a4 bxa4 20. bxa4 h4 21. g4 e5 22. fxe5 dxe5 23. Nf5 Bxf5 24. exf5 Nf4 25. g5 Nxh3+ 26. Kh2 Nxg5 27. Qxg5 Qxb2+ 28. Ne2 Rxc1 29. Rxc1 Nd5 30. Qg4 Nf4 0-1

[Event "*** Titled Tuesday Blitz"]
[Site "Chess.com"]
[Date "2021.04.27"]
[Round "8"]
[White "Leo_C"]
[Black "azikom"]
[Result "0-1"]
[WhiteElo "2471"]
[BlackElo "2652"]
[TimeControl "180+1"]
[EndTime "11:26:37 PDT"]
[Termination "azikom won by resignation"]

1. d4 d5 2. c4 e6 3. Nc3 a6 4. cxd5 exd5 5. Nf3 Nf6 6. Bg5 Be7 7. e3 h6 8. Bh4 O-O 9. Qc2 c6 10. Bd3 Nbd7 11. O-O Re8 12. Rab1 Ne4 13. Bxe7 Qxe7 14. b4 Nb6 15. Nd2 Bf5 16. Ndxe4 dxe4 17. Be2 Qg5 18. Kh1 h5 19. a4 Rac8 20. Qd2 h4 21. h3 Qf6 22. b5 axb5 23. axb5 c5 24. dxc5 Rxc5 25.
Na2 Rd8 26. Qb2 Qe6 27. Kh2 Rcd5 28. Rfd1 Rxd1 29. Bxd1 Nc4 30. Qe2 Rd2 31. Qe1 Rxa2 32. Bb3 Ra3 33. Qb4 Qd6+ 34. Qxd6 Nxd6 35. Bd5 Rd3 36. Bb3 Be6 37. Bxe6 fxe6 38. Rc1 Nxb5 39. Rb1 Nd6 40. Rb6 Kf7 41. g3 g5 42. gxh4 gxh4 43.
Kg2 Kf6 44. Rb4 b5 0-1

[Event "*** Titled Tuesday Blitz"]
[Site "Chess.com"]
[Date "2021.04.27"]
[Round "8"]
[White "OlegKrivonosov"]
[Black "Msb2"]
[Result "0-1"]
[WhiteElo "2671"]
[BlackElo "2886"]
[TimeControl "180+1"]
[EndTime "11:26:38 PDT"]
[Termination "Msb2 won by resignation"]

1. Nf3 d5 2. d4 Nf6 3. c4 e6 4. g3 Bb4+ 5. Bd2 a5 6. Qc2 O-O 7. Bg2 c5 8. cxd5 cxd4 9. Nxd4 Qb6 10. e3 exd5 11. O-O Nc6 12. Nxc6 bxc6 13. Rc1 Rb8 14.
Nc3 h5 15. Na4 Qd8 16. Bxb4 Rxb4 17. Nc5 h4 18. a3 Rb8 19. Rab1 Re8 20. b4 axb4 21.
Rxb4 Rxb4 22. axb4 Ng4 23. Qc3 hxg3 24. hxg3 Qg5 25.
Nd3 Bd7 26. Nf4 Qh6 27. b5 Qh2+ 28. Kf1 cxb5 29. Qd4 b4 30. Qxd5 Nf6 31. Qa5 b3 32. Nd5 b2 33. Nxf6+ gxf6 34. Rb1 Rb8 35. Qa7 Bb5+ 36.
Ke1 Qg1+ 37. Kd2 Rd8+ 0-1

[Event "*** Titled Tuesday Blitz"]
[Site "Chess.com"]
[Date "2021.04.27"]
[Round "8"]
[White "Kaua18"]
[Black "Zq1"]
[Result "0-1"]
[WhiteElo "2373"]
[BlackElo "2542"]
[TimeControl "180+1"]
[EndTime "11:26:39 PDT"]
[Termination "Zq1 won on time"]

1. e4 c5 2. Nf3 d6 3. d4 cxd4 4.
Nxd4 Nf6 5. Nc3 Nc6 6. Bg5 g6 7. Bxf6 exf6 8. Bb5 Bd7 9. O-O Be7 10. Nd5 O-O 11. c3 Re8 12. Bc4 Bf8 13. Qf3 Bg7 14. Rfe1 Ne5 15. Qe2 Nxc4 16. Qxc4 Rc8 17. Qb3 Bc6 18.
Rad1 Qd7 19. Qa3 f5 20. Nxc6 bxc6 21. Ne3 fxe4 22. Rxd6 Qe7 23. Nc4 Rc7 24. Qc5 Bf8 25. Qd4 Qg5 26. Rd7 Bc5 27. Qd2 Bxf2+ 28. Kxf2 Qf5+ 29. Kg1 Rxd7 30. Qe2 e3 31. h3 Qd3 32.
Qg4 Re4 33. Qg5 Qxc4 0-1

[Event "*** Titled Tuesday Blitz"]
[Site "Chess.com"]
[Date "2021.04.27"]
[Round "8"]
[White "beto-betun"]
[Black "NoGalloNoParty"]
[Result "0-1"]
[WhiteElo "2218"]
[BlackElo "2353"]
[TimeControl "180+1"]
[EndTime "11:26:40 PDT"]
[Termination "NoGalloNoParty won on time"]

1. d4 Nf6 2. Nf3 g6 3. g3 Bg7 4. Bg2 O-O 5. O-O d5 6. c4 c6 7. b3 dxc4 8. bxc4 c5 9. e3 Nc6 10. Bb2 Bf5 11. a3 Qb6 12. Qc1 cxd4 13. exd4 Rac8 14. Nbd2 Na5 15. c5 Qa6 16. Re1 e6 17. Bf1 Bd3 18. Bxd3 Qxd3 19. Qc3 Qxc3 20. Bxc3 Nc6 21.
Rab1 Nd5 22. Ba1 b6 23. cxb6 Nxb6 24. Rec1 Rfd8 25. Nb3 Ne7 26. Nc5 Nf5 27. Nb3 Na4 28. Rd1 Nc3 29. Bxc3 Rxc3 30. Kg2 Bf6 31. a4 Rd5 32. g4 Nd6 33. h3 h6 0-1

[Event "*** Titled Tuesday Blitz"]
[Site "Chess.com"]
[Date "2021.04.27"]
[Round "8"]
[White "bennyficial"]
[Black "Klavdia_Nik"]
[Result "1-0"]
[WhiteElo "2198"]
[BlackElo "2040"]
[TimeControl "180+1"]
[EndTime "11:26:40 PDT"]
[Termination "bennyficial won on time"]

1. Nf3 Nf6 2. c4 g6 3. b3 Bg7 4. Bb2 O-O 5. d4 d5 6. e3 c6 7.
Be2 Bg4 8. O-O e6 9. h3 Bxf3 10. Bxf3 Nbd7 11. Nc3 Qe7 12. c5 e5 13. b4 exd4 14. exd4 Ne4 15. Nxe4 dxe4 16. Re1 f5 17. Qb3+ Kh8 18. d5 cxd5 19. Rad1 Nf6 20. g3 Rad8 21.
Bg2 a6 22. Bxf6 Qxf6 23. Rxd5 Rxd5 24. Qxd5 Qf7 25. Rd1 1-0